 Dungeon Crawl Stone Soup version 0.29-a0-338-g1ff7896281 (webtiles) character file.

Game seed: 14100962626478531298

14111 rabbitsville the Grappler (level 11, -26/119 HPs)
             Began as a Troll Gladiator on Apr 18, 2022.
             Was a High Priest of Wu Jian.
             Annihilated by an entropy weaver simulacrum (34 damage)
             ... in an ice cave.
             The game lasted 00:38:43 (9147 turns).

rabbitsville the Grappler (Troll Gladiator)         Turns: 9147, Time: 00:38:47

Health: -26/119    AC: 11    Str: 28    XL:     11   Next: 84%
Magic:  10/10      EV: 13    Int:  4    God:    Wu Jian [*****.]
Gold:   530        SH:  5    Dex: 17    Spells: 10/10 levels left

rFire   + . .      SeeInvis .     - Unarmed
rCold   . . .      Faith    .   (no shield)
rNeg    . . .      Spirit   .   S - +0 acid dragon scales
rPois   +          Reflect  +   b - +0 hat
rElec   .          Harm     .   C - +2 cloak
rCorr   +          Rampage  .   (gloves unavailable)
Will    .....      Rnd*Tele +   (boots unavailable)
Stlth   +.........              k - amulet of reflection
HPRegen 1.09/turn               L - ring of poison resistance
MPRegen 0.12/turn               B - +6 ring of dexterity

@: no status effects
A: large, unfitting armour, claws 3, regeneration 1, shaggy fur 1, tough skin 1,
deterioration 1, fire resistance 1, teleportitis 1, evolution 1
a: Renounce Religion, Wall Jump, Serpent's Lash, Heavenly Storm


You were in an ice cave.
You worshipped Wu Jian.
Wu Jian was extremely pleased with you.
You visited 2 branches of the dungeon, and saw 12 of its levels.
You also visited: Ice Cave.

You collected 614 gold pieces.
You spent 84 gold pieces at shops.

Inventory:

Missiles
 c - 4 throwing nets
 d - a large rock
 r - a boomerang (quivered)
 x - 2 javelins
 E - 19 poisoned darts
 K - 7 curare-tipped darts
Armour
 a - a +0 robe
 b - a +0 hat (worn)
 C - a +2 cloak (worn)
 H - a +2 robe of positive energy
 Q - +0 steam dragon scales
 S - +0 acid dragon scales (worn)
Jewellery
 f - a ring of magical power
 k - an amulet of reflection (around neck)
 q - an amulet of faith
 B - a +6 ring of dexterity (right claw)
 F - a ring of fire
 L - a ring of poison resistance (left claw)
 U - a ring of protection from cold
Wands
 v - a wand of flame (21)
 G - a wand of acid (20)
 I - a wand of iceblast (13)
 R - a wand of polymorph (8)
 W - a wand of mindburst (4)
Scrolls
 e - a scroll of teleportation
 h - 3 scrolls of blinking
 j - 3 scrolls of summoning
 l - 2 scrolls of enchant armour
 m - 3 scrolls of immolation
 t - 3 scrolls of identify
 u - 2 scrolls of fear {unknown}
 y - a scroll of magic mapping {unknown}
 D - a scroll of brand weapon {unknown}
 J - a scroll of silence {unknown}
 M - 2 scrolls of amnesia {unknown}
 O - a scroll of holy word {unknown}
 P - a scroll of vulnerability {unknown}
 X - a scroll of fog {unknown}
 Y - a scroll of noise {unknown}
Potions
 g - 10 potions of curing
 i - a potion of resistance {unknown}
 n - 3 potions of mutation
 o - 3 potions of attraction
 p - a potion of lignification {unknown}
 s - 3 potions of ambrosia {unknown}
 w - 2 potions of might
 z - a potion of brilliance {unknown}
 A - a potion of berserk rage {unknown}
 N - a potion of cancellation {unknown}
 V - a potion of flight {unknown}
Miscellaneous
 T - a box of beasts


   Skills:
 * Level 10.5 Fighting
 - Level 3.1 Throwing
 + Level 7.3 Dodging
 * Level 12.6 Unarmed Combat


You had 10 spell levels left.
You didn't know any spells.
Your spell library contained the following spells:

 Spells                   Type           Power      Damage    Failure   Level
 Sting                    Tmut/Pois      0%         1d3       56%         1
 Poisonous Vapours        Pois/Air       0%         N/A       71%         2
 Conjure Flame            Conj/Fire      0%         6-21      91%         3
 Ignite Poison            Fire/Tmut/Pois 0%         N/A       91%         3
 Mephitic Cloud           Conj/Pois/Air  0%         N/A       91%         3
 Olgreb's Toxic Radiance  Pois           0%         N/A       100%        4
 Sticky Flame             Conj/Fire      0%         2d3       100%        4
 Freezing Cloud           Conj/Ice/Air   0%         6-21      100%        5


Dungeon Overview and Level Annotations

Branches:
Dungeon (11/15)            Temple (0/1) D:7            Lair (1/6) D:8
    Orc (0/2) D:11          IceCv (1/1)

Altars:
Ashenzari
Fedhas
Gozag
Sif Muna
Wu Jian
Zin
The Shining One

Shops:
D:3 [?*[(   D:9 (   D:10 *


Innate Abilities, Weirdness & Mutations

You are too large for most types of armour.
You have claws for hands.
Your natural rate of healing is unusually fast.
You are covered in fur. (AC +1)
You have tough skin. (AC +1)
Your body sometimes deteriorates upon taking damage.
Your flesh is heat resistant. (rF+)
You are occasionally teleported next to monsters.
You have hidden genetic potential.


Message History

The yak gores you but does no damage. The yak barely misses you.
The world spins around you as you enter the gateway.
You enter an ice cave!
Found 17 gold pieces.
Found an ice covered gate leading back out of this place.
There is an ice choked empty arch of ancient stone here.
Found 64 gold pieces and a large golden amulet.
There is an ice choked empty arch of ancient stone here.
You lunge at the cane toad simulacrum.
You claw the cane toad simulacrum!
The cane toad simulacrum is heavily damaged.
The cane toad simulacrum closely misses you.
You mangle the cane toad simulacrum!!
The cane toad simulacrum vaporises!
The Council accepts your kill.
The elephant simulacrum closely misses you.
The elephant simulacrum trunk-slaps you but does no damage.
You claw the elephant simulacrum! You claw the elephant simulacrum.
The elephant simulacrum is almost destroyed.
You closely miss the freezing wraith. The elephant simulacrum tramples you!
You stumble backwards!
The entropy weaver simulacrum hits you.
The entropy weaver simulacrum freezes you!!
The entropy weaver simulacrum hits you.
The entropy weaver simulacrum freezes you!!
The entropy weaver simulacrum hits you.
The entropy weaver simulacrum freezes you!!
* * * LOW HITPOINT WARNING * * *
The entropy weaver simulacrum closely misses you.
It was a potion of mutation.
You feel extremely strange.
You feel yourself wasting away.
You feel weirdly uncertain.
You feel a hidden potential growing inside you.
You feel resistant to heat. The entropy weaver simulacrum hits you.
* * * LOW HITPOINT WARNING * * *
The entropy weaver simulacrum freezes you!!
* * * LOW HITPOINT WARNING * * *
The entropy weaver simulacrum completely misses you.
The entropy weaver simulacrum hits you.
* * * LOW HITPOINT WARNING * * *
The entropy weaver simulacrum freezes you!!
You die...

####
#...###
.......##
........##
.........##
..8.......#
$.....ZZ@.#
$$....°Z∩∩#
"......W..#
..8.......#
.........##
........##
.......##
#...###
####


You could see a freezing wraith, an elephant simulacrum, a dire elephant
simulacrum and an entropy weaver simulacrum.

Vanquished Creatures
  2 boulder beetles
  A manticore (D:11)
  3 centaur zombies (D:11)
  An unseen horror (D:11)
  7 centaur skeletons (D:11)
  Psyche (D:10)
  A kobold demonologist (D:11)
  4 komodo dragons
  A troll (D:10)
  Prince Ribbit (D:9)
  3 flying skulls (D:11)
  5 shadows
  A wyvern (D:8)
  2 steam dragons (D:8)
  Menkaure (D:6)
  An acid dragon (D:9)
  4 water moccasins
  2 black bears
  An ice beast (D:7)
  A sky beast (D:5)
  7 orc warriors
  9 centaurs
  2 ogres
  A phantom (D:5)
  2 kobold brigands
  Blork the orc (D:4)
  A gnoll sergeant (D:10)
  A necrophage (D:6)
  4 scorpions
  4 bullfrogs
  A cane toad simulacrum (IceCv)
  10 wights
  9 killer bees (D:9)
  An elephant simulacrum (Lair:1)
  4 howler monkeys
  5 jellies
  2 hounds
  6 orc priests
  A gnoll shaman (D:6)
  Terence (D:2)
  3 iguanas
  13 orc wizards
  A wolf simulacrum (Lair:1)
  10 gnolls
  A howler monkey skeleton (D:11)
  4 adders
  2 shadow imps
  3 white imps
  An ufetubus (D:6)
  2 adder skeletons (D:2)
  An adder zombie (D:2)
  4 worms
  3 dart slugs
  57 orcs
  2 bats (D:2)
  7 endoplasms
  A giant cockroach (D:1)
  8 goblins
  2 hobgoblins
  2 quokkas (D:3)
  4 ball pythons
  2 frilled lizards
  15 kobolds
  3 rats
266 creatures vanquished.

Vanquished Creatures (collateral kills)
  4 kobolds (D:6)
4 creatures vanquished.

Vanquished Creatures (others)
  38 fungi (D:8)
  31 plants (D:8)
69 creatures vanquished.

Grand Total: 339 creatures vanquished

Notes
Turn   | Place    | Note
-------+----------+-------------------------------------------
     0 | D:1      | rabbitsville the Troll Gladiator began the quest for the
                  | Orb.
     0 | D:1      | Reached XP level 1. HP: 19/19 MP: 0/0
   289 | D:1      | Reached XP level 2. HP: 28/28 MP: 1/1
   599 | D:1      | Found a faded altar of an unknown god.
  1035 | D:2      | Noticed Terence
  1135 | D:2      | Killed Terence
  1136 | D:2      | Reached XP level 3. HP: 36/36 MP: 2/2
  1239 | D:2      | Found an opulent altar of Gozag.
  1479 | D:2      | Reached XP level 4. HP: 25/44 MP: 3/3
  1752 | D:3      | Found Suoja's Weapon Boutique.
  1784 | D:3      | Found Atubiani's Antique Armour Emporium.
  1803 | D:3      | Found Zeetofuo's Magic Scroll Shoppe.
  1843 | D:3      | Reached skill level 4 in Unarmed Combat
  1898 | D:3      | Found Zineah's Antique Armour Emporium.
  1922 | D:3      | Found a shimmering blue altar of Sif Muna.
  1938 | D:3      | Became a worshipper of Sif Muna the Loreminder
  1985 | D:3      | Found Vakhiext's General Store.
  2270 | D:4      | Reached XP level 5. HP: 46/53 MP: 4/4
  2368 | D:4      | Noticed Blork the orc
  2381 | D:4      | Killed Blork the orc
  2382 | D:4      | Reached XP level 6. HP: 18/61 MP: 5/5
  2489 | D:4      | Reached skill level 5 in Unarmed Combat
  2545 | D:4      | Found an ornate altar of the Wu Jian Council.
  2560 | D:4      | Fell from the grace of Sif Muna
  2560 | D:4      | Became a worshipper of the Wu Jian Council
  2821 | D:5      | Entered Level 5 of the Dungeon
  3053 | D:5      | Reached XP level 7. HP: 70/70 MP: 6/6
  3214 | D:5      | Reached skill level 6 in Unarmed Combat
  3284 | D:5      | Found a glowing silver altar of Zin.
  3289 | D:5      | Reached skill level 5 in Fighting
  3431 | D:5      | Reached * piety under Wu Jian
  3439 | D:5      | Reached XP level 8. HP: 80/80 MP: 7/7
  3809 | D:6      | Reached skill level 7 in Unarmed Combat
  3879 | D:6      | Noticed Menkaure
  3927 | D:6      | Killed Menkaure
  4048 | D:6      | Reached ** piety under Wu Jian
  4363 | D:6      | Reached skill level 8 in Unarmed Combat
  4385 | D:6      | Reached XP level 9. HP: 92/92 MP: 8/8
  4700 | D:3      | Bought a scroll of identify for 24 gold pieces
  4700 | D:3      | Bought a scroll of identify for 24 gold pieces
  4700 | D:3      | Bought a scroll of teleportation for 36 gold pieces
  4963 | D:7      | Found a staircase to the Ecumenical Temple.
  5622 | D:8      | Noticed a komodo dragon
  5635 | D:8      | Killed a komodo dragon
  5636 | D:8      | Reached skill level 5 in Dodging
  5636 | D:8      | Reached skill level 9 in Unarmed Combat
  5688 | D:8      | Noticed a komodo dragon
  5695 | D:8      | Found a staircase to the Lair.
  5700 | D:8      | Reached *** piety under Wu Jian
  5951 | D:8      | Noticed a komodo dragon
  5961 | D:8      | Killed a komodo dragon
  6007 | D:8      | Reached XP level 10. HP: 96/104 MP: 9/9
  6257 | D:8      | Reached skill level 10 in Unarmed Combat
  6314 | D:8      | Identified the +3 ring mail of Absolutism {Int+3}
  6466 | D:9      | Found a blossoming altar of Fedhas.
  6532 | D:9      | Found a glowing golden altar of the Shining One.
  6649 | D:9      | Noticed Prince Ribbit
  6661 | D:9      | Killed Prince Ribbit
  6862 | D:9      | Found a broken altar of Ashenzari.
  7243 | D:9      | Found Oheiviz's Antique Weapon Shop.
  7285 | D:10     | Entered Level 10 of the Dungeon
  7312 | D:10     | Noticed a boulder beetle
  7331 | D:10     | Killed a boulder beetle
  7463 | D:10     | Noticed Psyche
  7486 | D:10     | Killed Psyche
  7486 | D:10     | Reached **** piety under Wu Jian
  7487 | D:10     | Reached skill level 11 in Unarmed Combat
  7602 | D:10     | Found Caffaz's Demolitions Depot.
  8055 | D:11     | Reached XP level 11. HP: 106/115 MP: 10/10
  8059 | D:11     | Noticed a boulder beetle
  8075 | D:11     | Killed a boulder beetle
  8083 | D:11     | Found a staircase to the Orcish Mines.
  8109 | D:11     | Was forgiven by Sif Muna
  8805 | D:11     | Reached skill level 12 in Unarmed Combat
  8825 | D:11     | Reached skill level 10 in Fighting
  8849 | D:11     | Reached ***** piety under Wu Jian
  8903 | D:11     | Noticed a skeletal warrior
  9133 | Lair:1   | Entered Level 1 of the Lair of Beasts
  9133 | Lair:1   | Found a frozen archway.
  9140 | IceCv    | Entered an ice cave
  9147 | IceCv    | Gained mutation: Your body sometimes deteriorates upon
                  | taking damage. [potion of mutation]
  9147 | IceCv    | Gained mutation: You are occasionally teleported next to
                  | monsters. [potion of mutation]
  9147 | IceCv    | Gained mutation: You have hidden genetic potential. [potion
                  | of mutation]
  9147 | IceCv    | Gained mutation: Your flesh is heat resistant. (rF+)
                  | [potion of mutation]
  9147 | IceCv    | Annihilated by an entropy weaver simulacrum

Illustrated notes

Levels and vault maps discovered:
D:1:      saegor_arrival_simple_d, layout_loops_ring,
          ebering_ecumenical_altar_abandoned, chequers_serial_rivers_room_b,
          feat_on_display
D:2:      layout_basic, serial_undead, serial_undead_e, serial_undead_f,
          serial_undead_f, serial_undead_f, basic_altar, uniq_terence
D:3:      layout_rooms, mainiacjoe_overflow_alcove_4, serial_shops,
          nicolae_square_shop, nicolae_square_shop,
          nicolae_shop_temple_entry_statues_fountains, shop_fountains, shop
D:4:      layout_cave_pools, mainiacjoe_overflow_alcove_1, uniq_blork_the_orc
D:5:      layout_loops_ring, kennysheep_mini_moat
D:6:      minmay_recursive_quarters, layout_basic, amcnicky_mini_pool_small,
          uniq_menkaure
D:7:      layout_loops_corners, minmay_temple_entry_glassed_door
D:8:      layout_gridville, due_lair_maze_entry_diamond
D:9:      layout_basic, lemuel_crystal_altar,
          mainiacjoe_overflow_concentric_impassable,
          mainiacjoe_overflow_boulevard, serial_shops, nicolae_stop_n_shop_1,
          serial_curves, eino_curves_02, eino_curves_02, uniq_prince_ribbit1
D:10:     layout_long_grid, nicolae_blasting_shop, uniq_psyche
D:11:     hangedman_screamer, layout_loops_ring, erik_orc_3
Lair:1:   layout_long_grid, portal_ice_cave_entry_ice_simulacra, wad_woods_03,
          uniq_erica
IceCv:    ice_cave_statue_garden_transporter

Skill      XL: |  1  2  3  4  5  6  7  8  9 10 11 |
---------------+----------------------------------+-----
Throwing       | 2 3 |  3.1
Fighting       | 2 3 4 5 6 7 9 10 | 10.5
Unarmed Combat | 4 5 6 8 9 11 12 | 12.6
Dodging        | 3 4 5 6 7 |  7.3

Action                   |  1- 3 |  4- 6 |  7- 9 | 10-12 || total
-------------------------+-------+-------+-------+-------++-------
Melee: Unarmed           |    81 |   119 |   250 |   359 ||   809
       Punch             |       |     3 |     8 |    24 ||    35
Throw: Large rock        |     1 |       |     1 |       ||     2
       Javelin           |       |       |     1 |       ||     1
       Boomerang         |       |       |     3 |     2 ||     5
Invok: Lunge             |       |     4 |    30 |    25 ||    59
       Whirlwind         |       |       |     5 |    15 ||    20
 Abil: Wall Jump         |       |       |     4 |     3 ||     7
  Use: Potion            |       |     1 |     1 |     1 ||     3
       Scroll            |       |       |     8 |     3 ||    11
 Stab: Sleeping          |       |     2 |       |       ||     2
Armor: Robe              |    14 |    16 |    69 |     5 ||   104
       Acid dragon scale |       |       |       |   175 ||   175
       Steam dragon scal |       |       |       |    17 ||    17
Dodge: Dodged            |    36 |    37 |   106 |   169 ||   348
Block: Other             |     8 |    16 |    36 |    77 ||   137
       Reflection        |     2 |       |     3 |     3 ||     8

Table legend: (Time is in decaauts)
 A = Elapsed time spent in this place.
 B = Non-inter-level travel time spent in this place.
 C = Inter-level travel time spent in this place.
 D = Time resting spent in this place.
 E = Time spent auto-exploring this place.
 F = Levels seen in this place.
 G = Mean time per level.
                   A        B        C        D        E       F      G
               +--------+--------+--------+--------+--------+-----+--------+
         Total |   9066 |   8576 |    490 |    245 |   5266 |  13 |  697.4 |
       Dungeon |   9053 |   8563 |    490 |    245 |   5266 |  11 |  823.0 |
          Lair |      6 |      6 |      0 |      0 |      0 |   1 |    6.0 |
      Ice Cave |      6 |      6 |      0 |      0 |      0 |   1 |    6.0 |
               +--------+--------+--------+--------+--------+-----+--------+

Top non-repeatable levels by time:
     D:5: 959 daAuts
    D:11: 930 daAuts
     D:8: 915 daAuts
     D:6: 914 daAuts
     D:9: 901 daAuts
     D:2: 847 daAuts
     D:1: 828 daAuts
    D:10: 773 daAuts
     D:7: 767 daAuts
     D:4: 632 daAuts
     D:3: 583 daAuts
  Lair:1: 6 daAuts
   IceCv: 6 daAuts
